 Dungeon Crawl Stone Soup version 0.24-a0-189-g5d897e9 (webtiles) character file.

Game seed: 3671743806166372241

35215 Kled the Carver (level 13, -11/111 HPs)
             Began as a Green Draconian Skald on Mar 14, 2019.
             Was an Elder of Fedhas.
             Mangled by a death knight
             ... wielding a +2 halberd
              (14 damage)
             ... on level 14 of the Dungeon on Mar 16, 2019.
             The game lasted 02:16:47 (18417 turns).

Kled the Carver (Green Draconian Skald)            Turns: 18417, Time: 02:16:49

Health: -11/111    AC: 13    Str: 18      XL:     13   Next: 46%
Magic:  13/24      EV: 19    Int: 16 (18) God:    Fedhas [****..]
Gold:   714        SH: 17    Dex: 10      Spells: 15/27 levels left

rFire    . . .     SeeInvis .   k - +5 scimitar (slice)
rCold    . . .     Gourm    .   E - +2 shield
rNeg     . . .     Faith    .   (armour unavailable)
rPois    +         Spirit   .   (helmet restricted)
rElec    .         Reflect  +   j - +1 cloak
rCorr    .         Harm     .   t - +0 pair of gloves
MR       .....                  D - +1 pair of boots {run}
Stlth    ++........             u - +4 amulet of reflection
HPRegen  0.28/turn              w - +3 ring of intelligence
MPRegen  0.19/turn              a - +4 ring of evasion

@: about to teleport, infused, singing, studying Fire Magic, quick
A: breathe noxious fumes, unfitting armour, deterioration 1, poison resistance,
cold-blooded, AC +8
a: Breathe Noxious Fumes, Fungal Bloom, Sunlight, Evolution, Growth,
Reproduction, Renounce Religion


You were on level 14 of the Dungeon.
You worshipped Fedhas.
Fedhas was greatly pleased with you.
You were not hungry.

You visited 1 branch of the dungeon, and saw 14 of its levels.
You visited 1 bazaar.

You collected 1074 gold pieces.
You spent 360 gold pieces at shops.

Inventory:

Hand Weapons
 h - a +1 halberd of chopping
 i - a +2 flail of crushing
 k - a +5 scimitar of slicing (weapon)
 o - a +2 demon trident of electrocution
 q - a +0 battleaxe
 r - a +2 war axe of chopping
 N - the +7 great mace "Firestarter" {inner flame, rF++}
   (You found it on level 10 of the Dungeon)

   It has been specially enchanted to burn those struck by it, causing extra
   injury to most foes and up to half again as much damage against particularly
   susceptible opponents.
   It greatly protects you from fire.
 Q - a +3 scimitar of flaming
Armour
 j - a +1 cloak (worn)
 t - a +0 pair of gloves (worn)
 D - a +1 pair of boots of running (worn)
 E - a +2 shield (worn)
 K - a +0 large shield
Jewellery
 a - a +4 ring of evasion (right hand)
 u - a +4 amulet of reflection (around neck)
 w - a +3 ring of intelligence (left hand)
 z - an uncursed amulet of guardian spirit
 H - an uncursed ring of fire
 O - an uncursed ring of ice
 R - an uncursed ring of stealth
Wands
 f - a wand of disintegration (7)
 v - a wand of scattershot (9)
 x - a wand of flame (22)
 B - a wand of acid (7)
 C - a wand of random effects (47)
 I - a wand of enslavement (7)
 L - a wand of iceblast (5)
Scrolls
 b - 6 scrolls of remove curse
 e - 3 scrolls of immolation
 l - a scroll of enchant armour {unknown}
 m - a scroll of amnesia {unknown}
 y - a scroll of torment {unknown}
 J - 2 scrolls of brand weapon
 P - 2 scrolls of fog
Potions
 d - 4 potions of flight
 n - a potion of brilliance
 p - 3 potions of haste
 s - 2 potions of mutation
 A - a potion of berserk rage
 G - a potion of invisibility
 S - a potion of cancellation {unknown}
 T - 2 potions of might
Books
 M - a manual of Fire Magic
Comestibles
 c - 21 rations


   Skills:
 * Level 9.5 Fighting
 + Level 10.0 Long Blades
 * Level 8.8 Dodging
 + Level 3.8 Stealth
 * Level 9.2 Shields
 * Level 7.6 Spellcasting
 * Level 5.3 Conjurations
 + Level 7.0 Charms
 + Level 6.0 Translocations
 * Level 7.3 Fire Magic
 + Level 0.1 Invocations


You had 15 spell levels left.
You knew the following spells:

 Your Spells              Type           Power        Failure   Level  Hunger
a - Infusion              Chrm           ####         1%          1    None
b - Song of Slaying       Chrm           ####....     1%          2    None
c - Shroud of Golubria    Chrm/Tloc      ####......   2%          2    None
d - Fireball              Conj/Fire      ####......   45%         5    #####..
e - Throw Flame           Conj/Fire      ####..       2%          2    None

Your spell library contained the following spells:

 Spells                   Type           Power        Failure   Level  Hunger
 Flame Tongue             Conj/Fire      ####.        1%          1    None
 Conjure Flame            Conj/Fire      ####....     5%          3    ##.....
 Inner Flame              Hex/Fire       ###.....     16%         3    ##.....
 Regeneration             Chrm/Necr      ###.......   17%         3    ##.....
 Spectral Weapon          Hex/Chrm       ###.....     17%         3    ##.....
 Sticky Flame             Conj/Fire      ####....     19%         4    ####...


Dungeon Overview and Level Annotations

Branches:
Dungeon (14/15)            Temple (0/1) D:7            Lair (0/6) D:11
    Orc (0/2) D:9          Vaults (0/5) D:14

Altars:
Ashenzari
Elyvilon
Fedhas
Kikubaaqudgha
Nemelex Xobeh
Okawaru
Qazlal
Vehumet
Yredelemnul
Zin

Portals:
Trove: D:10 (give horn of Geryon)

Annotations:
D:4 Grinder


Innate Abilities, Weirdness & Mutations

You can breathe blasts of noxious fumes.
Your lurid green scales are hard. (AC +8)
You cannot fit into any form of body armour.
Your system is resistant to poisons. (rPois)
You are cold-blooded and may be slowed by cold attacks.
Your body sometimes deteriorates upon taking damage.


Message History

You closely miss the death knight. You tail-slap the death knight.
The death knight is severely wounded.
You block the death knight's attack.
You barely miss the death knight.
The death knight is severely wounded.
You hit the death knight.
The death knight is severely wounded.
You block the death knight's attack.
You slash the death knight!
The death knight is almost dead.
The ironheart preserver seems to regain its courage.
The death knight hits you with a +2 halberd!
* * * LOW HITPOINT WARNING * * *
As you read the scroll of teleportation, it crumbles to dust.
You feel strangely unstable.
The ironheart preserver gestures wildly while chanting.
The ironheart preserver begins to accept its allies' injuries.
The death knight hits you with a +2 halberd!
You die...
Fedhas appreciates your contribution to the ecosystem.

...#....#######..######
........#(....#..# ..∩#
####....#.....#..#
....# #....#.....#..#
....#
######..PP.(..#.....#
#..P..'..#.....#
##########..#''####
#.......(...p......
#..........@..p....
#.#####('#..#######
#.....#.5))....#
#.....#..'.....#
#.....#..#.....#
#.....#..#.....#
#.....#..#....?#
#######..####### ...#


You could see an ironheart preserver, a death knight and a crimson imp.

Vanquished Creatures
  Kirke (D:12)
  Snorg (D:12)
  Josephine (D:11)
  A fire dragon (D:10)
  Fannar (D:10)
  Erica (D:11)
  2 centaur warriors (D:14)
  6 two-headed ogres
  The ghost of ArcanElement the Nimble, a journeyman DEWz of Sif Muna (D:13)
  4 tengu warriors
  Urug (D:13)
  2 unseen horrors
  Pikel (D:7)
  An ugly thing (D:11)
  A cyclops (D:14)
  2 centaur zombies
  A manticore (D:11)
  Psyche (D:9)
  4 kobold demonologists
  An efreet (D:14)
  2 meliai (D:12)
  4 trolls
  A queen bee (D:12)
  2 hornets
  4 slime creatures
  A hippogriff (D:9)
  A centaur simulacrum (D:13)
  Sigmund (D:2)
  A water elemental (D:13)
  A vampire (D:11)
  A wyvern (D:12)
  5 wraiths (D:11)
  5 fire bats (D:10)
  12 yaks
  A hog (D:11)
  3 hungry ghosts (D:9)
  3 vampire mosquitoes (D:12)
  An acid dragon (D:12)
  Duvessa (D:4)
  A water moccasin (D:14)
  Purgy (D:3)
  9 orc warriors
  A black bear (D:7)
  3 ice beasts
  An eye of draining (D:13)
  2 phantoms (D:10)
  7 ogres
  2 crocodiles
  6 centaurs
  17 big kobolds
  9 bullfrogs
  3 scorpions
  A wyvern skeleton (D:11)
  Dowan (D:4)
  7 jellies
  A troll zombie (D:9)
  8 wights
  6 howler monkeys
  28 killer bees
  3 bullfrog zombies
  7 crimson imps
  2 hounds
  A quasit (D:13)
  A bullfrog skeleton (D:7)
  9 orc priests
  2 centaur skeletons
  Terence (D:2)
  7 orc wizards
  2 iguanas
  8 worker ants
  5 ogre zombies (D:9)
  A hound zombie (D:5)
  2 worker ant zombies
  7 gnolls
  12 adders
  3 shadow imps
  An adder zombie (D:7)
  7 worms
  4 dart slugs
  5 leopard geckos
  62 orcs
  5 bats
  A giant cockroach (D:2)
  6 hobgoblins
  4 jackals
  19 kobolds
  4 quokkas
  A ball python (D:3)
  A ball python skeleton (D:4)
  4 frilled lizards
  7 goblins
  2 goblin skeletons (D:9)
  3 goblin zombies (D:9)
  A hobgoblin skeleton (D:9)
  2 hobgoblin zombies (D:9)
  A jackal skeleton (D:4)
  3 orc skeletons (D:9)
  8 orc zombies (D:9)
  A quokka skeleton (D:5)
  5 rats
428 creatures vanquished.

Vanquished Creatures (collateral kills)
  A meliai (D:12)
  A slime creature (D:11)
  An ice beast (D:13)
  A white imp (D:13)
4 creatures vanquished.

Vanquished Creatures (others)
  An oklob plant (D:13)
  2 wandering mushrooms (D:12)
  A yak (D:11)
  A slave (D:7)
  A centaur (D:14)
  An orc wizard (D:7)
  A quokka (D:3)
  189 toadstools
197 creatures vanquished.

Grand Total: 629 creatures vanquished

Notes
Turn   | Place    | Note
-------+----------+-------------------------------------------
     0 | D:1      | Kled the Draconian Skald began the quest for the Orb.
     0 | D:1      | Reached XP level 1. HP: 17/17 MP: 3/3
     0 | D:1      | Upgraded the game from 0.24-a0-181-gd121a6d to
                  | 0.24-a0-184-gcb5ae2c
   522 | D:1      | Reached XP level 2. HP: 22/24 MP: 5/5
   856 | D:2      | Noticed Terence
   875 | D:2      | Killed Terence
   875 | D:2      | Reached XP level 3. HP: 9/30 MP: 1/6
  1283 | D:2      | Reached skill level 3 in Long Blades
  1321 | D:2      | Noticed Sigmund
  1356 | D:2      | Found a sparkling altar of Nemelex Xobeh.
  1520 | D:2      | Killed Sigmund
  1520 | D:2      | Reached skill level 4 in Long Blades
  1520 | D:2      | Reached XP level 4. HP: 17/38 MP: 1/7
  1520 | D:2      | Reached XP level 5. HP: 20/45 MP: 1/8
  1737 | D:2      | Found a glowing silver altar of Zin.
  2095 | D:2      | Learned a level 2 spell: Song of Slaying
  2098 | D:2      | Learned a level 2 spell: Shroud of Golubria
  2354 | D:2      | Found a blossoming altar of Fedhas.
  2363 | D:2      | Became a worshipper of Fedhas Madash
  2383 | D:2      | Reached XP level 6. HP: 46/51 MP: 5/9
  2501 | D:3      | Noticed Purgy
  2520 | D:3      | Killed Purgy
  2520 | D:3      | Reached skill level 1 in Stealth
  2616 | D:3      | Reached skill level 1 in Translocations
  2631 | D:3      | HP: 1/51 [orc/+0 war axe (6)]
  3361 | D:3      | Found a white marble altar of Elyvilon.
  3669 | D:4      | Noticed Duvessa
  3669 | D:4      | Noticed Dowan
  3703 | D:4      | Killed Dowan
  3703 | D:4      | Your scales start taking on a lurid green colour.
  3703 | D:4      | Reached XP level 7. HP: 55/58 MP: 2/10
  3703 | D:4      | Gained mutation: Your system is resistant to poisons.
                  | (rPois) [Green Draconian growth]
  3768 | D:4      | Noticed Grinder
  3781 | D:4      | Paralysed by Grinder for 2 turns
  4049 | D:4      | Reached skill level 1 in Shields
  4165 | D:4      | Found an ancient bone altar of Kikubaaqudgha.
  4410 | D:4      | Killed Duvessa
  4410 | D:4      | Reached skill level 5 in Long Blades
  4787 | D:5      | Entered Level 5 of the Dungeon
  4925 | D:5      | Reached XP level 8. HP: 56/67 MP: 2/12
  6772 | D:6      | Found a shattered altar of Ashenzari.
  6877 | D:6      | Reached skill level 5 in Dodging
  6978 | D:6      | Found a radiant altar of Vehumet.
  6990 | D:6      | Reached skill level 6 in Long Blades
  7158 | D:6      | Found a basalt altar of Yredelemnul.
  7668 | D:7      | Noticed Pikel
  7740 | D:7      | Identified a +1 pair of boots of running (You found it on
                  | level 7 of the Dungeon)
  7780 | D:7      | HP: 3/67 [orc warrior/+1 halberd of chopping (16)]
  7780 | D:7      | HP: 1/67 [orc warrior/+1 halberd of chopping (2)]
  7782 | D:7      | Reached skill level 5 in Fighting
  8227 | D:7      | Reached XP level 9. HP: 70/74 MP: 7/15
  8291 | D:7      | Killed Pikel
  8622 | D:7      | Reached skill level 5 in Charms
  8813 | D:7      | Killed an unseen horror
  8953 | D:7      | Reached * piety under Fedhas
  9057 | D:7      | Found a staircase to the Ecumenical Temple.
  9268 | D:8      | Reached skill level 7 in Long Blades
  9295 | D:8      | Found an iron altar of Okawaru.
  9308 | D:8      | Reached skill level 5 in Spellcasting
  9397 | D:8      | Reached XP level 10. HP: 72/83 MP: 12/17
  9485 | D:8      | Found a stormy altar of Qazlal.
  9947 | D:9      | Found a staircase to the Orcish Mines.
 10018 | D:9      | Reached skill level 5 in Shields
 10099 | D:9      | Noticed a two-headed ogre
 10106 | D:9      | Killed a two-headed ogre
 10191 | D:9      | Reached skill level 5 in Translocations
 10547 | D:9      | Reached ** piety under Fedhas
 10976 | D:9      | Noticed Psyche
 10991 | D:9      | Killed Psyche
 11231 | D:9      | Noticed a two-headed ogre
 11242 | D:9      | Killed a two-headed ogre
 11242 | D:9      | Reached skill level 8 in Long Blades
 11242 | D:9      | Reached XP level 11. HP: 92/92 MP: 17/19
 11301 | D:10     | Entered Level 10 of the Dungeon
 11452 | D:10     | Found a portal to a secret trove of treasure.
 11518 | D:10     | Noticed a two-headed ogre
 11527 | D:10     | Noticed a tengu warrior
 11530 | D:10     | Killed a two-headed ogre
 11546 | D:10     | Killed a tengu warrior
 11895 | D:10     | Noticed a fire dragon
 11896 | D:10     | Found the +7 great mace "Firestarter" {inner flame, rF++}
 11914 | D:10     | Killed a fire dragon
 11936 | D:10     | Learned a level 5 spell: Fireball
 11939 | D:10     | Learned a level 2 spell: Throw Flame
 12024 | D:10     | Noticed Fannar
 12047 | D:10     | Killed Fannar
 12047 | D:10     | Reached skill level 1 in Fire Magic
 12654 | D:11     | You fall through a shaft!
 12672 | D:12     | Reached skill level 1 in Conjurations
 12770 | D:12     | Noticed Snorg
 12783 | D:12     | Killed Snorg
 12807 | D:12     | Noticed Kirke
 12842 | D:12     | Noticed a sphinx
 12861 | D:12     | Noticed a lindwurm
 12868 | D:11     | Found a staircase to the Lair.
 12870 | D:11     | Noticed an oklob plant
 12954 | D:11     | Noticed a white ugly thing
 13087 | D:11     | Killed an unseen horror
 13318 | D:11     | Noticed Erica
 13322 | D:11     | Noticed Josephine
 13325 | D:11     | Noticed a two-headed ogre
 13341 | D:11     | Killed a two-headed ogre
 13341 | D:11     | Reached XP level 12. HP: 76/102 MP: 13/21
 13351 | D:11     | Reached skill level 9 in Long Blades
 13374 | D:11     | Killed Josephine
 13777 | D:11     | Killed Erica
 14462 | D:11     | HP: 5/103 [yak (11)]
 14989 | D:12     | Killed Kirke
 14993 | D:12     | Reached skill level 5 in Fire Magic
 15135 | D:12     | Noticed a two-headed ogre
 15143 | D:12     | Killed a two-headed ogre
 15602 | D:12     | Noticed a two-headed ogre
 15608 | D:12     | Killed a two-headed ogre
 15674 | D:12     | Reached *** piety under Fedhas
 16257 | D:12     | Reached XP level 13. HP: 36/111 MP: 16/23
 17130 | D:13     | Noticed Urug
 17141 | D:13     | Killed Urug
 17196 | D:13     | Identified the +3 whip of the Forest {chaos, rC+ MR+}
 17197 | D:13     | Found a runed translucent gate.
 17198 | D:13     | Found a runed translucent gate.
 17198 | D:13     | Noticed ArcanElement's ghost (journeyman DEWz)
 17199 | D:13     | Found a runed translucent gate.
 17199 | D:13     | Identified the +6 dagger "Ynamoik" {venom, -Tele rC- MP+9
                  | Str+9}
 17477 | D:13     | Killed ArcanElement's ghost
 17593 | D:13     | Found a flickering gateway to a bazaar.
 17602 | Bazaar   | Entered a bazaar
 17604 | Bazaar   | Found Ditotyam's Book Boutique.
 17608 | Bazaar   | Found Ythrumm's Jewellery Boutique.
 17608 | Bazaar   | Found Pousepsete's Magic Scroll Boutique.
 17609 | Bazaar   | Found Vusyxof's Jewellery Boutique.
 17638 | Bazaar   | Bought a +4 ring of evasion for 360 gold pieces
 17852 | D:13     | Gained mutation: Your body sometimes deteriorates upon
                  | taking damage. [a neqoxec]
 17892 | D:13     | Reached skill level 5 in Conjurations
 18058 | D:14     | Reached **** piety under Fedhas
 18144 | D:14     | Upgraded the game from 0.24-a0-184-gcb5ae2c to
                  | 0.24-a0-189-g5d897e9
 18393 | D:14     | Reached skill level 10 in Long Blades
 18398 | D:14     | Noticed an ironheart preserver
 18406 | D:14     | Found a gate to the Vaults.
 18416 | D:14     | HP: 3/111 [death knight/+2 halberd (17)]
 18417 | D:14     | Mangled by a death knight

Levels and vault maps discovered:
D:1:      minmay_arrival_stair_chambers, layout_basic
D:2:      layout_rooms, overflow_temple_1_default, fedhas_altar_2, zin_statuary,
          nicolae_overflow_hidden_temple, minmay_pentomino_p4, uniq_sigmund,
          uniq_terence
D:3:      cheibrodos_old_hovel, layout_loops_cross, elyvilon_altar_4, uniq_purgy
D:4:      layout_loops_ring, kiku_gazebo_garden_becter, uniq_grinder,
          uniq_duvessa
D:5:      layout_gridville, first_ration
D:6:      layout_basic, vehumet_crystals, yredelemnul_altar_generic,
          cheibrodos_ashenzari_chains
D:7:      layout_basic, minmay_temple_entry_statues_fountains, uniq_pikel
D:8:      layout_rooms, nicolae_qazlal_style_of_elements,
          okawaru_altar_gauntlet_db
D:9:      layout_roguey, zombieorc1_lemuel, uniq_psyche
D:10:     minmay_firetagon, layout_irregular_city, nicolae_trove_entry_diagonal,
          grunt_tengu_nest, uniq_fannar
D:11:     layout_gridville, dpeg_oklobed_lair, uniq_josephine, uniq_erica
D:12:     layout_roguey [special_room_orc], special_room [special_room_bee],
          uniq_kirke, uniq_snorg
D:13:     layout_roguey, serial_shops, bzr_firewalk,
          gammafunk_ghost_nasty_kobolds, serial_ice, serial_ice_e, serial_ice_l,
          serial_ice_g, serial_ice_m, uniq_urug
D:14:     layout_roguey, skrybe_vaults_entry_preservation, special_room
          [special_room_orc], nicolae_ru_sacrificial_ziggurat,
          grunt_decor_arrowhead, uniq_rupert
Bazaar:   bazaar_minmay_cross

Skill      XL: |  1  2  3  4  5  6  7  8  9 10 11 12 13 |
---------------+----------------------------------------+-----
Charms         | 3 4 5 6 7 |  7.0
Long Blades    | 4 5 6 7 8 9 10 | 10.0
Fighting       | 3 4 5 7 8 9 |  9.5
Dodging        | 3 4 5 6 7 8 |  8.8
Stealth        | 1 2 3 |  3.8
Translocations | 1 2 3 4 5 6 |  6.0
Shields        | 1 2 4 5 7 8 9 |  9.2
Spellcasting   | 3 4 5 6 7 |  7.6
Fire Magic     | 3 6 7 |  7.3
Conjurations   | 2 4 5 |  5.3
Invocations    | |  0.1

Action                   |  1- 3 |  4- 6 |  7- 9 | 10-12 | 13-15 || total
-------------------------+-------+-------+-------+-------+-------++-------
Melee: Falchion          |    88 |   178 |   340 |       |       ||   606
       Tailslap          |    12 |    22 |    65 |    94 |    40 ||   233
       Scimitar          |       |       |   140 |   725 |   233 ||  1098
       Unarmed           |       |       |       |     1 |       ||     1
       Trident           |       |       |       |     4 |       ||     4
 Cast: Infusion          |     4 |     7 |    26 |    31 |    11 ||    79
       Shroud of Golubri |       |     5 |    18 |    47 |    10 ||    80
       Song of Slaying   |       |       |     1 |    18 |     5 ||    24
       Throw Flame       |       |       |       |     2 |       ||     2
Invok: Fungal Bloom      |       |     3 |    12 |    24 |     8 ||    47
       Evolution         |       |       |       |     3 |     2 ||     5
       Growth            |       |       |       |       |     2 ||     2
 Abil: Breathe Noxious F |       |       |     1 |    10 |     1 ||    12
Evoke: Wand              |       |       |       |     1 |       ||     1
  Use: Scroll            |     3 |     2 |     7 |    11 |     7 ||    30
       Potion            |       |     2 |     3 |     5 |       ||    10
 Stab: Sleeping          |       |     2 |     2 |     5 |       ||     9
       Confused          |       |       |       |    12 |     2 ||    14
       Fleeing           |       |       |       |     1 |       ||     1
  Eat: Chunk             |     1 |     9 |    13 |    14 |     3 ||    40
       Ration            |       |       |     2 |     4 |     1 ||     7
Armor: Skin              |    19 |    66 |   201 |   154 |    44 ||   484
Dodge: Dodged            |    71 |   111 |   248 |   307 |    98 ||   835
Block: Buckler           |       |       |    80 |       |       ||    80
       Shield            |       |       |   165 |   638 |   225 ||  1028
       Reflection        |       |       |    13 |    15 |     9 ||    37
       Rpst.: Falchion   |    10 |    29 |    60 |       |       ||    99
       Scimitar          |       |       |    15 |    66 |    22 ||   103

Table legend:
 A = Non-vault XP
 B = Vault XP
 C = Vault XP percentage of total XP
 D = Non-vault monster count
 E = Vault monster count
 F = Vault count percentage of total count
                 A         B        C        D         E       F
            +---------+---------+-------+---------+---------+-------
      Total |   29207 |   21101 |  41.9 |     296 |     138 |  31.8
            +---------+---------+-------+---------+---------+-------
        D:1 |      20 |       0 |   0.0 |      12 |       0 |   0.0
        D:2 |     101 |     273 |  73.0 |      28 |       5 |  15.2
        D:3 |     193 |     134 |  41.0 |      17 |       1 |   5.6
        D:4 |     287 |     216 |  42.9 |      15 |       2 |  11.8
        D:5 |     838 |       0 |   0.0 |      28 |       0 |   0.0
        D:6 |     455 |       0 |   0.0 |       7 |       0 |   0.0
        D:7 |    1853 |     617 |  25.0 |      27 |       1 |   3.6
        D:8 |     835 |      25 |   2.9 |      19 |       6 |  24.0
        D:9 |    4655 |    1193 |  20.4 |      28 |      29 |  50.9
       D:10 |    1816 |    3855 |  68.0 |      20 |       8 |  28.6
       D:11 |    5305 |    3173 |  37.4 |      36 |       8 |  18.2
       D:12 |    6384 |    6194 |  49.2 |      39 |      52 |  57.1
       D:13 |    4105 |    4068 |  49.8 |      11 |      19 |  63.3
       D:14 |    2360 |    1353 |  36.4 |       9 |       7 |  43.8
            +---------+---------+-------+---------+---------+-------
